 Dungeon Crawl Stone Soup version 0.31-a0-176-g91f28db67f (webtiles) character file.

Game seed: 2645506506259987167

16611 qw the Cleaver (level 12, -9/77 HPs)
             Began as a Gargoyle Fighter on June 17, 2023.
             Was an Elder of Okawaru.
             Mangled by a bog body (22 damage)
             ... on level 2 of the Lair of Beasts.
             The game lasted 00:06:22 (11832 turns).

qw the Cleaver (Gargoyle Fighter)                  Turns: 11832, Time: 00:06:22

Health: -9/77      AC: 35    Str: 24    XL:     12   Next: 39%
Magic:  25/27      EV:  9    Int: 10    God:    Okawaru [****..]
Gold:   580        SH:  6    Dex:  9    Spells: 11/11 levels left

rFire   . . .        Y - +0 war axe
rCold   . . .        c - +0 buckler
rNeg    + . .        m - +0 plate armour
rPois   inf          k - +0 helmet
rElec   +            f - +0 cloak
rCorr   .            e - +1 pair of gloves
SInv    .            (no boots)
Will    .....        s
                       - Hermit's Pendant {Faith Invo=14 Evo=0 MP+5} Stlth
                     y - +4 ring of protection
HPRegen 0.32/turn    (no ring)
MPRegen 0.20/turn

%: faith
@: heroic, slowed, very slow
A: sickness immunity, AC +8, negative energy resistance 1, electricity
resistance, torment resistance 1, petrification resistance
a: Renounce Religion, Heroism, Finesse


You were on level 2 of the Lair of Beasts.
You worshipped Okawaru.
Okawaru was greatly pleased with you.
You visited 3 branches of the dungeon, and saw 13 of its levels.

You collected 675 gold pieces.
You spent 95 gold pieces at shops.


Innate Abilities, Weirdness & Mutations

You are immune to sickness and miasma.
Your stone body is resilient. (AC +8)
You are immune to poison.
You resist negative energy. (rN+)
You are resistant to electric shocks. (rElec)
You are resistant to unholy torment.
You are immune to petrification.


   Skills:
 + Level 9.7(14.7) Fighting
 - Level 12.0(17.0) Axes
 - Level 1.0(6.0) Throwing
 - Level 9.0(14.0) Armour
 - Level 2.5(7.5) Dodging
 - Level 6.2(11.2) Shields
 + Level 9.4(14.0) Invocations


You had 11 spell levels left.
You didn't know any spells.
Your spell library was empty.

Inventory:

Hand Weapons
 j - a +0 morningstar of protection
 Y - a +0 war axe (weapon)
Missiles
 v - 6 boomerangs (quivered)
Armour
 c - a +0 buckler (worn)
 e - a +1 pair of gloves (worn)
 f - a +0 cloak (worn)
 k - a +0 helmet (worn)
 m - a +0 plate armour (worn)
 n - a +1 chain mail of fire resistance
 r - a +2 cloak
 t - +0 acid dragon scales
 u - the +3 pair of seven-league boots {Rampage+∞}
   (You found it on level 2 of the Lair of Beasts)

   Rampage+∞: When moving toward enemies, its wearer moves as far as possible,
   alerting their target en route.
Jewellery
 h - an amulet of regeneration
 s - the Hermit's Pendant (around neck) {Faith Invo=14 Evo=0 MP+5}
   (You found it on level 8 of the Dungeon)

   [amulet of faith]

   Invo=14: It sets your Invocations skill to 14.
   Evo=0: It sets your Evocations skill to 0.
   It allows you to gain divine favour quickly.
   MP:        It affects your magic capacity (+5).
 y - a +4 ring of protection (left hand)
Wands
 x - a wand of digging (12)
Scrolls
 a - 8 scrolls of teleportation
 b - 2 scrolls of identify
Potions
 d - 4 potions of might
 g - 2 potions of heal wounds
 i - a potion of cancellation
 l - 2 potions of attraction
 o - 5 potions of curing
 p - 2 potions of mutation
 q - 2 potions of lignification
 w - a potion of enlightenment {unknown}
 z - a potion of haste {unknown}

Dungeon Overview and Level Annotations

Branches:
Dungeon (10/15)            Temple (1/1) D:4            Lair (2/5) D:10
    Orc (0/2) D:10
  Swamp: Lair:2-3    Shoals: Lair:2-3     Snake: Lair:2-3    Spider: Lair:2-3

Altars:
Ashenzari
Cheibriados
Dithmenos
Elyvilon
Fedhas
Gozag
Hepliaklqana
Kikubaaqudgha
Makhleb
Nemelex Xobeh
Okawaru
Qazlal
Ru
Sif Muna
Trog
Uskayaw
Vehumet
Wu Jian
Xom
Yredelemnul
Zin
The Shining One

Shops:
D:9 (   D:10 :


Message History

Enter note:
Enter note:
Enter note:
Enter note:
Enter note:
Enter note:
Enter note:
Enter note:
Enter note:
Enter note:
Enter note:
Enter note:
Enter note:
11822 ||| Stepping ~*~*~tactically~*~*~ (hiding).
You start resting.
A bog body is nearby!
11824 ||| Stepping ~*~*~tactically~*~*~ (hiding).
You start resting.
A bog body is nearby!
The bog body casts a spell at you. You resist with significant effort.
The bog body touches you. The bog body freezes you!
You hit the bog body.
The bog body is lightly damaged.
The bog body gestures at you while chanting.
You feel yourself slow down.
You barely miss the bog body.
The bog body is lightly damaged.
The bog body casts a spell at you. The bolt of cold hits you!!
11831 ||| INVOKING Heroism.
You gain the combat prowess of a mighty hero.
The bog body casts a spell at you. You resist with significant effort.
The bog body casts a spell at you.
You feel as though you will be slow longer.
You slash the bog body!
The bog body is heavily damaged.
The bog body touches you! The bog body freezes you!!
You die...

7~..~ 7..........#
#77~7.777......#####
##.7~..~7.......######
#..7~7.~7.......##....
#..7~..~7.#.....##....
##.7~..~7.##..####....
#.77..77.#...## #....
#..7n.7^.#....# ###.#
##.7@.7.###..## ##.#
#..}}.......### #...
#.............###'#'
#<...P..........#...
#................#..
#.####...........##.
#..###..........#...
##.###...........###.
#....##..........###.


You could see a bog body.

Vanquished Creatures
  Harold (D:9)
  A hydra (Lair:2)
  2 boulder beetles (Lair:2)
  2 two-headed ogres
  A bog body (Lair:2)
  Pikel (D:8)
  2 black mambas (Lair:2)
  Maurice (D:8)
  A guardian serpent (Lair:2)
  4 cane toads
  A rime drake (Lair:1)
  2 ice devils (Lair:2)
  A komodo dragon (Lair:2)
  A polar bear (Lair:2)
  4 blink frogs
  10 yaks
  4 wyverns
  3 basilisks
  A steam dragon (D:6)
  Menkaure (D:6)
  An acid dragon (D:8)
  7 water moccasins
  4 orc warriors
  2 sky beasts
  An ice beast (D:6)
  2 black bears (D:6)
  3 phantoms
  3 centaurs
  2 lemures (D:8)
  A kobold brigand (D:9)
  10 bullfrogs
  A gnoll sergeant (D:9)
  2 scorpions
  16 wights
  4 howler monkeys
  4 hounds
  4 jellies
  6 orc priests
  A gnoll bouda (D:8)
  A sleepcap (D:5)
  Terence (D:2)
  10 orc wizards
  2 iguanas
  Robin (D:2)
  10 adders
  8 gnolls
  2 shadow imps (D:5)
  An ufetubus (D:5)
  51 orcs
  5 bats
  5 endoplasms
  A giant cockroach (D:1)
  18 goblins
  9 hobgoblins
  4 jackals (D:1)
  6 quokkas
  14 ball pythons
  6 kobolds
  3 rats
276 creatures vanquished.

Notes
Turn   | Place    | Note
-------+----------+-------------------------------------------
     0 | D:1      | qw the Gargoyle Fighter began the quest for the Orb.
     0 | D:1      | Reached XP level 1. HP: 14/14 MP: 1/1
     0 | D:1      | 0 ||| qw: Version: 0.3-a-5-g6f28e65
     0 | D:1      | 0 ||| qw: Game counter: 467
     0 | D:1      | 0 ||| qw: Always use a shield: true
     0 | D:1      | 0 ||| qw: God list: Okawaru
     0 | D:1      | 0 ||| qw: Allow faded altars: false
     0 | D:1      | 0 ||| qw: Do Orc after D:15 true
     0 | D:1      | 0 ||| qw: Do second Lair branch before Depths: true
     0 | D:1      | 0 ||| qw: Lair rune preference: random
     0 | D:1      | 0 ||| qw: Plans: Normal, Zot:1-4, Slime:5, God:TSO, Crypt,
                  | Tomb, Abyss, Pan, Hells, Win
     0 | D:1      | 0 ||| PLANNING D:1-11
    65 | D:1      | 65 ||| Stepping ~*~*~tactically~*~*~ (stealth).
    79 | D:1      | Reached skill level 2 in Axes
   111 | D:1      | Reached XP level 2. HP: 15/19 MP: 2/2
   176 | D:1      | 176 ||| DROPPING +0 club.
   598 | D:1      | Reached skill level 3 in Axes
   765 | D:1      | 765 ||| UPGRADING to +1 pair of gloves.
   770 | D:1      | 770 ||| UPGRADING to +0 helmet.
   775 | D:1      | 775 ||| UPGRADING to amulet of regeneration.
   780 | D:1      | 780 ||| READING scroll labelled VIAVAA UDECUY.
   783 | D:1      | 783 ||| READING scroll labelled GOBBIACIODI.
   784 | D:1      | 784 ||| READING scroll labelled QEOLOWE CACYE.
   881 | D:2      | Noticed Robin
   889 | D:2      | Reached XP level 3. HP: 10/23 MP: 3/3
   917 | D:2      | Killed Robin
   957 | D:2      | Reached XP level 4. HP: 28/28 MP: 4/4
  1013 | D:2      | Noticed Terence
  1028 | D:2      | HP: 4/28 [Terence/+0 flail (6)]
  1035 | D:2      | Killed Terence
  1036 | D:2      | Reached skill level 4 in Axes
  1052 | D:2      | 1052 ||| DROPPING +0 mace.
  1628 | D:2      | 1628 ||| UPGRADING to +0 chain mail.
  1638 | D:2      | 1638 ||| DROPPING +0 scale mail.
  1639 | D:2      | 1639 ||| UPGRADING to +0 plate armour.
  1649 | D:2      | 1649 ||| DROPPING +0 chain mail.
  1650 | D:2      | 1650 ||| READING scroll labelled RIHUEPOPHUDUMP.
  1651 | D:2      | 1651 ||| READING scroll labelled MUL YTHANG.
  1652 | D:2      | 1652 ||| READING scroll labelled JES AMASIAJIOJ.
  1813 | D:3      | 1813 ||| Stepping ~*~*~tactically~*~*~ (hiding).
  1816 | D:3      | 1816 ||| Stepping ~*~*~tactically~*~*~ (hiding).
  1817 | D:3      | 1817 ||| Stepping ~*~*~tactically~*~*~ (hiding).
  1818 | D:3      | 1818 ||| Stepping ~*~*~tactically~*~*~ (hiding).
  1819 | D:3      | 1819 ||| Stepping ~*~*~tactically~*~*~ (hiding).
  1820 | D:3      | 1820 ||| Stepping ~*~*~tactically~*~*~ (hiding).
  1821 | D:3      | 1821 ||| Stepping ~*~*~tactically~*~*~ (hiding).
  1975 | D:3      | Reached XP level 5. HP: 32/32 MP: 5/5
  2044 | D:3      | Found a faded altar of an unknown god.
  2142 | D:3      | 2142 ||| Stepping ~*~*~tactically~*~*~ (stealth).
  2458 | D:3      | 2458 ||| READING 2 scrolls labelled TUESCH OREA.
  2462 | D:3      | 2462 ||| READING scroll labelled LYEBBO JAGGAA.
  2463 | D:3      | 2463 ||| DRINKING 2 metallic cyan potions.
  2564 | D:4      | Reached skill level 5 in Axes
  2582 | D:4      | 2582 ||| DROPPING +0 flail.
  2612 | D:4      | 2612 ||| Stepping ~*~*~tactically~*~*~ (stealth).
  2613 | D:4      | 2613 ||| Stepping ~*~*~tactically~*~*~ (stealth).
  2647 | D:4      | 2647 ||| Stepping ~*~*~tactically~*~*~ (stealth).
  2648 | D:4      | 2648 ||| Stepping ~*~*~tactically~*~*~ (stealth).
  2842 | D:4      | Found a staircase to the Ecumenical Temple.
  2843 | D:4      | 2843 ||| PLANNING TEMPLE
  2849 | Temple   | Entered the Ecumenical Temple
  2855 | Temple   | 2855 ||| PLANNING OKAWARU WORSHIP
  2995 | Temple   | Became a worshipper of Warmaster Okawaru
  2996 | Temple   | 2996 ||| PLANNING D:1-11
  3045 | D:4      | Reached XP level 6. HP: 33/39 MP: 6/6
  3263 | D:5      | Entered Level 5 of the Dungeon
  3335 | D:5      | Noticed a water moccasin
  3359 | D:5      | Killed a water moccasin
  3363 | D:5      | 3363 ||| Stepping ~*~*~tactically~*~*~ (stealth).
  3380 | D:5      | Reached * piety under Okawaru
  3381 | D:5      | Reached skill level 6 in Axes
  3381 | D:5      | Reached XP level 7. HP: 44/44 MP: 7/7
  3384 | D:5      | 3384 ||| INVOKING Heroism.
  3385 | D:5      | 3385 ||| INVOKING Heroism.
  3392 | D:5      | Noticed a wyvern
  3396 | D:5      | 3396 ||| INVOKING Heroism.
  3397 | D:5      | 3397 ||| INVOKING Heroism.
  3398 | D:5      | HP: 7/44 [wyvern (7)]
  3399 | D:5      | 3399 ||| READING scroll of teleportation.
  3402 | D:5      | HP: 2/44 [wyvern (8)]
  3404 | D:5      | 3404 ||| FLEEEEING.
  3405 | D:5      | 3405 ||| FLEEEEING.
  3406 | D:5      | 3406 ||| FLEEEEING.
  3407 | D:5      | 3407 ||| FLEEEEING.
  3408 | D:5      | 3408 ||| STAIRDANCE
  3410 | D:4      | HP: 8/44 [orc/+0 whip (4)]
  3653 | D:5      | 3653 ||| INVOKING Heroism.
  3720 | D:5      | 3720 ||| Stepping ~*~*~tactically~*~*~ (stealth).
  3747 | D:5      | 3747 ||| Stepping ~*~*~tactically~*~*~ (hiding).
  3857 | D:5      | 3857 ||| Stepping ~*~*~tactically~*~*~ (stealth).
  3871 | D:5      | Reached skill level 7 in Axes
  3975 | D:5      | 3975 ||| INVOKING Heroism.
  3979 | D:5      | Killed a wyvern
  3980 | D:5      | Reached XP level 8. HP: 19/49 MP: 5/9
  4148 | D:5      | 4148 ||| DRINKING 2 viscous inky potions.
  4175 | D:6      | Noticed Menkaure
  4176 | D:6      | 4176 ||| INVOKING Heroism.
  4185 | D:6      | Killed Menkaure
  4186 | D:6      | Reached skill level 1 in Dodging
  4235 | D:6      | Reached skill level 3 in Invocations
  4255 | D:6      | 4255 ||| INVOKING Heroism.
  4267 | D:6      | HP: 9/49 [steam dragon/ball of steam (11)]
  4268 | D:6      | 4268 ||| READING scroll of teleportation.
  4270 | D:6      | 4270 ||| Stepping ~*~*~tactically~*~*~ (cloud).
  4406 | D:6      | 4406 ||| INVOKING Heroism.
  4454 | D:6      | 4454 ||| INVOKING Heroism.
  4510 | D:6      | Reached skill level 8 in Axes
  4515 | D:6      | 4515 ||| INVOKING Heroism.
  4527 | D:6      | Reached XP level 9. HP: 55/55 MP: 10/12
  4581 | D:6      | Reached skill level 6 in Fighting
  4648 | D:6      | 4648 ||| INVOKING Heroism.
  4796 | D:6      | Reached ** piety under Okawaru
  5045 | D:6      | 5045 ||| Stepping ~*~*~tactically~*~*~ (hiding).
  5051 | D:6      | 5051 ||| INVOKING Heroism.
  5064 | D:6      | Reached skill level 9 in Axes
  5275 | D:6      | 5275 ||| READING scroll labelled AXANECZOJUQ.
  5276 | D:6      | 5276 ||| READING 3 scrolls of identify.
  5276 | D:6      | 5276 ||| IDENTIFYING lumpy ruby potion
  5277 | D:6      | 5277 ||| READING 2 scrolls of identify.
  5277 | D:6      | 5277 ||| IDENTIFYING fizzy ruby potion
  5278 | D:6      | 5278 ||| DROPPING potion of degeneration.
  5308 | D:7      | 5308 ||| INVOKING Heroism.
  5331 | D:7      | 5331 ||| INVOKING Heroism.
  5437 | D:7      | 5437 ||| Stepping ~*~*~tactically~*~*~ (stealth).
  5441 | D:7      | 5441 ||| Stepping ~*~*~tactically~*~*~ (hiding).
  5453 | D:7      | Reached skill level 6 in Armour
  5454 | D:7      | 5454 ||| INVOKING Heroism.
  5519 | D:7      | Found a broken altar of Ashenzari.
  5694 | D:7      | 5694 ||| Stepping ~*~*~tactically~*~*~ (stealth).
  5697 | D:7      | 5697 ||| Stepping ~*~*~tactically~*~*~ (stealth).
  5704 | D:7      | 5704 ||| Stepping ~*~*~tactically~*~*~ (stealth).
  5706 | D:7      | 5706 ||| INVOKING Heroism.
  5723 | D:7      | 5723 ||| INVOKING Heroism.
  5846 | D:7      | 5846 ||| Stepping ~*~*~tactically~*~*~ (hiding).
  5871 | D:7      | 5871 ||| Stepping ~*~*~tactically~*~*~ (stealth).
  5873 | D:7      | 5873 ||| Stepping ~*~*~tactically~*~*~ (hiding).
  5876 | D:7      | 5876 ||| INVOKING Heroism.
  6025 | D:7      | 6025 ||| DROPPING +1 flail of protection.
  6074 | D:7      | 6074 ||| READING scroll labelled KUNLUZ DUFOOJIQ.
  6109 | D:8      | Noticed Maurice
  6118 | D:8      | Killed Maurice
  6119 | D:8      | Reached skill level 10 in Axes
  6119 | D:8      | Reached XP level 10. HP: 48/63 MP: 13/13
  6120 | D:8      | 6120 ||| INVOKING Heroism.
  6162 | D:8      | 6162 ||| Stepping ~*~*~tactically~*~*~ (hiding).
  6165 | D:8      | 6165 ||| Stepping ~*~*~tactically~*~*~ (hiding).
  6166 | D:8      | 6166 ||| Stepping ~*~*~tactically~*~*~ (stealth).
  6169 | D:8      | 6169 ||| INVOKING Heroism.
  6192 | D:8      | Found the Hermit's Pendant {Faith Invo=14 Evo=0 MP+5}
  6212 | D:8      | Noticed Pikel
  6224 | D:8      | 6224 ||| INVOKING Heroism.
  6234 | D:8      | Killed Pikel
  6234 | D:8      | Reached *** piety under Okawaru
  6241 | D:8      | 6241 ||| INVOKING Heroism.
  6321 | D:8      | Identified the +5 short sword "Jaudwus" {holy, Will+}
  6362 | D:8      | 6362 ||| INVOKING Heroism.
  6424 | D:8      | 6424 ||| Stepping ~*~*~tactically~*~*~ (stealth).
  6425 | D:8      | 6425 ||| Stepping ~*~*~tactically~*~*~ (stealth).
  6426 | D:8      | 6426 ||| Stepping ~*~*~tactically~*~*~ (stealth).
  6757 | D:8      | 6757 ||| Stepping ~*~*~tactically~*~*~ (hiding).
  6758 | D:8      | 6758 ||| Stepping ~*~*~tactically~*~*~ (hiding).
  6867 | D:8      | Found a flagged portal.
  6992 | D:8      | Found a glowing silver altar of Zin.
  7115 | D:8      | 7115 ||| DROPPING +0 morningstar.
  7158 | D:8      | 7158 ||| UPGRADING to +0 cloak.
  7163 | D:8      | 7163 ||| UPGRADING to Hermit's Pendant {Faith Invo=14 Evo=0
                  | MP+5}.
  7236 | D:8      | 7236 ||| DROPPING ring of flight.
  7237 | D:8      | 7237 ||| DRINKING 2 silvery potions.
  7238 | D:8      | 7238 ||| DRINKING 4 potions of curing.
  7238 | D:8      | 7238 ||| (to cure confusion)
  7239 | D:8      | 7239 ||| READING 2 scrolls of identify.
  7239 | D:8      | 7239 ||| IDENTIFYING clear potion
  7240 | D:8      | 7240 ||| DROPPING potion of ambrosia.
  7276 | D:8      | Reached skill level 1 in Throwing
  7344 | D:9      | Found Zetel's Weapon Shoppe.
  7351 | D:9      | 7351 ||| BUYING +0 morningstar of protection (95 gold).
  7351 | D:9      | Bought a +0 morningstar of protection for 95 gold pieces
  7351 | D:9      | 7351 ||| DROPPING +4 morningstar.
  7607 | D:9      | 7607 ||| Stepping ~*~*~tactically~*~*~ (hiding).
  7690 | D:9      | Identified the staff of fire "Tirr" {rPois rF+ rC+ Stlth+}
  7696 | D:9      | 7696 ||| Stepping ~*~*~tactically~*~*~ (stealth).
  7701 | D:9      | 7701 ||| Stepping ~*~*~tactically~*~*~ (hiding).
  7702 | D:9      | 7702 ||| Stepping ~*~*~tactically~*~*~ (hiding).
  7882 | D:9      | Found a bloodstained altar of Trog.
  7894 | D:9      | Noticed a two-headed ogre
  7895 | D:9      | 7895 ||| INVOKING Heroism.
  7904 | D:9      | Killed a two-headed ogre
  7904 | D:9      | Reached **** piety under Okawaru
  7905 | D:9      | Reached skill level 11 in Axes
  7905 | D:9      | Reached XP level 11. HP: 54/69 MP: 21/21
  8125 | D:9      | Found a shimmering blue altar of Sif Muna.
  8133 | D:9      | 8133 ||| INVOKING Heroism.
  8287 | D:9      | 8287 ||| INVOKING Heroism.
  8312 | D:9      | Found a shimmering altar of Xom.
  8388 | D:9      | Noticed Harold
  8389 | D:9      | 8389 ||| INVOKING Heroism.
  8400 | D:9      | Killed Harold
  8435 | D:9      | 8435 ||| UPGRADING to +4 ring of protection.
  8436 | D:9      | 8436 ||| READING 2 scrolls labelled NOQOVI QUANEEM.
  8437 | D:9      | 8437 ||| READING 2 scrolls of identify.
  8437 | D:9      | 8437 ||| IDENTIFYING murky white potion
  8438 | D:9      | 8438 ||| DROPPING scroll of vulnerability.
  8509 | D:10     | Entered Level 10 of the Dungeon
  8554 | D:10     | 8554 ||| Stepping ~*~*~tactically~*~*~ (stealth).
  8632 | D:10     | Noticed a two-headed ogre
  8633 | D:10     | 8633 ||| INVOKING Heroism.
  8642 | D:10     | Killed a two-headed ogre
  8643 | D:10     | Reached skill level 9 in Fighting
  8699 | D:10     | Found a staircase to the Lair.
  8772 | D:10     | 8772 ||| DRINKING 5 potions of curing.
  8772 | D:10     | 8772 ||| (to cure confusion)
  8840 | D:10     | Found Goisesas's Tiny Tomes.
  8894 | D:10     | Found a hide-covered altar of Uskayaw.
  9046 | D:10     | Found a staircase to the Orcish Mines.
  9091 | D:10     | 9091 ||| INVOKING Heroism.
  9197 | D:10     | Found a hazy altar of Hepliaklqana.
  9208 | D:10     | Found a sacrificial altar of Ru.
  9245 | D:10     | 9245 ||| PLANNING LAIR
  9245 | D:10     | 9245 ||| READING 2 scrolls of identify.
  9245 | D:10     | 9245 ||| IDENTIFYING fuming blue potion
  9280 | Lair:1   | Entered Level 1 of the Lair of Beasts
  9386 | Lair:1   | 9386 ||| Stepping ~*~*~tactically~*~*~ (stealth).
  9387 | Lair:1   | 9387 ||| INVOKING Heroism.
  9437 | Lair:1   | 9437 ||| Stepping ~*~*~tactically~*~*~ (stealth).
  9643 | Lair:1   | 9643 ||| Stepping ~*~*~tactically~*~*~ (hiding).
  9647 | Lair:1   | 9647 ||| INVOKING Heroism.
  9657 | Lair:1   | Reached skill level 6 in Invocations
  9836 | Lair:1   | 9836 ||| INVOKING Heroism.
  9841 | Lair:1   | Reached skill level 12 in Axes
 10205 | Lair:1   | 10205 ||| READING 3 scrolls of identify.
 10205 | Lair:1   | 10205 ||| IDENTIFYING lumpy dark potion
 10206 | Lair:1   | 10206 ||| READING 2 scrolls of identify.
 10206 | Lair:1   | 10206 ||| IDENTIFYING dark potion
 10207 | Lair:1   | 10207 ||| DROPPING potion of invisibility.
 10208 | Lair:1   | 10208 ||| DROPPING potion of brilliance.
 10235 | Lair:2   | Noticed a bog body
 10240 | Lair:2   | 10240 ||| INVOKING Heroism.
 10244 | Lair:2   | Killed a bog body
 10524 | Lair:2   | 10524 ||| INVOKING Heroism.
 10579 | Lair:2   | 10579 ||| INVOKING Heroism.
 10582 | Lair:2   | Reached skill level 9 in Armour
 10654 | Lair:2   | 10654 ||| INVOKING Heroism.
 10707 | Lair:2   | Reached XP level 12. HP: 64/76 MP: 22/22
 11050 | Lair:2   | 11050 ||| INVOKING Heroism.
 11061 | Lair:2   | Noticed a boulder beetle
 11062 | Lair:2   | 11062 ||| Stepping ~*~*~tactically~*~*~ (stealth).
 11080 | Lair:2   | Killed a boulder beetle
 11080 | Lair:2   | Reached ***** piety under Okawaru
 11131 | Lair:2   | Noticed a boulder beetle
 11133 | Lair:2   | 11133 ||| INVOKING Heroism.
 11162 | Lair:2   | Killed a boulder beetle
 11163 | Lair:2   | Reached skill level 6 in Shields
 11223 | Lair:2   | Found the +3 pair of seven-league boots {Rampage+∞}
 11224 | Lair:2   | 11224 ||| Stepping ~*~*~tactically~*~*~ (hiding).
 11423 | Lair:2   | Noticed a five-headed hydra
 11424 | Lair:2   | 11424 ||| INVOKING Heroism.
 11425 | Lair:2   | 11425 ||| INVOKING Finesse.
 11429 | Lair:2   | 11429 ||| SWAPPING to +0 morningstar of protection.
 11433 | Lair:2   | Killed a five-headed hydra
 11434 | Lair:2   | Reached skill level 9 in Invocations
 11434 | Lair:2   | 11434 ||| SWAPPING to +0 war axe.
 11497 | Lair:2   | 11497 ||| INVOKING Heroism.
 11594 | Lair:2   | 11594 ||| Stepping ~*~*~tactically~*~*~ (stealth).
 11603 | Lair:2   | 11603 ||| INVOKING Heroism.
 11821 | Lair:2   | 11821 ||| Stepping ~*~*~tactically~*~*~ (hiding).
 11822 | Lair:2   | 11822 ||| Stepping ~*~*~tactically~*~*~ (hiding).
 11824 | Lair:2   | 11824 ||| Stepping ~*~*~tactically~*~*~ (hiding).
 11831 | Lair:2   | 11831 ||| INVOKING Heroism.
 11832 | Lair:2   | HP: 13/77 [bog body (13)]
 11832 | Lair:2   | Mangled by a bog body

Levels and vault maps discovered:
D:1:      psy_arrival_dodecagon, layout_basic, st_stairs_6,
          hangedman_abyss_or_decor_lesser_grid
D:2:      layout_loops_ring, uniq_robin, uniq_terence
D:3:      layout_basic, basic_ecumenical_altar, grunt_ministairs_6
D:4:      layout_basic, minmay_temple_entry_arrows, serial_bayou_lagoon_a
D:5:      minmay_skewed_foursquare, layout_loops_ring
D:6:      layout_basic, uniq_menkaure
D:7:      layout_loops_cross, mainiacjoe_overflow_paths
D:8:      layout_layer_cave, lemuel_doored_altar, enter_bailey_3, uniq_pikel,
          uniq_maurice
D:9:      layout_loops_ring, mainiacjoe_overflow_24_doors,
          mainiacjoe_overflow_two_lobes, serial_shops, nicolae_diamond_shop,
          kennysheep_generic_room_6, uniq_harold
D:10:     layout_rooms, amethyst_overflow_temple_binary,
          nicolae_uskayaw_murder_on_the_dancefloor, lair_entry_dummy,
          orc_0_dummy, minmay_liquid_box, nicolae_shop_i_like_small_books_too
Temple:   nicolae_temple_superstar
Lair:1:   layout_loops_ring
Lair:2:   layout_small_grid, nicolae_swamp_entry_splash_gauntlet,
          portal_ice_cave_demonic_guard,
          hellmonk_guarded_unrand_seven_league_boots, serial_bayou_shore_b

Skill      XL: |  1  2  3  4  5  6  7  8  9 10 11 12 |
---------------+-------------------------------------+-----
Axes           | 2 3 4 5 6 7 8 10 11 12 | 12.0
Fighting       | 4 5 7 8 9 |  9.7
Armour         | 4 5 6 7 9 |  9.0
Invocations    | 2 4 7 9 |  9.4
Dodging        | 1 2 |  2.5
Shields        | 4 5 6 |  6.2
Throwing       | 1 |  1.0

Action                     |  1- 3 |  4- 6 |  7- 9 | 10-12 || total
---------------------------+-------+-------+-------+-------++-------
  Melee: War axe           |   102 |   210 |   367 |   538 ||  1217
         Morningstar       |       |       |       |     3 ||     3
  Throw: Boomerang         |       |       |       |    96 ||    96
 Invoke: Heroism           |       |       |    17 |    24 ||    41
         Finesse           |       |       |       |     1 ||     1
    Use: Scroll            |     3 |     5 |     6 |     6 ||    20
         Potion            |       |     1 |     1 |     3 ||     5
 Armour: Scale mail        |    66 |    19 |       |       ||    85
         Plate armour      |       |   130 |   231 |   276 ||   637
  Dodge: Dodged            |    62 |    46 |   105 |   140 ||   353
  Block: Buckler           |    16 |    44 |    60 |    99 ||   219

Table legend:
 A = Non-vault XP
 B = Vault XP
 C = Vault XP percentage of total XP
 D = Non-vault monster count
 E = Vault monster count
 F = Vault count percentage of total count
                 A         B        C        D         E       F
            +---------+---------+-------+---------+---------+-------
      Total |   17108 |    6622 |  27.9 |     234 |      40 |  14.6
            +---------+---------+-------+---------+---------+-------
        D:1 |      28 |       2 |   6.7 |      16 |       1 |   5.9
        D:2 |      44 |      72 |  62.1 |      13 |      13 |  50.0
        D:3 |      58 |       5 |   7.9 |      19 |       2 |   9.5
        D:4 |     152 |       0 |   0.0 |      19 |       0 |   0.0
        D:5 |     870 |     111 |  11.3 |      21 |       5 |  19.2
        D:6 |    1591 |     175 |   9.9 |      25 |       1 |   3.8
        D:7 |    1511 |       0 |   0.0 |      31 |       0 |   0.0
        D:8 |    2187 |    1081 |  33.1 |      29 |       6 |  17.1
        D:9 |    1727 |     995 |  36.6 |      15 |       3 |  16.7
       D:10 |    2257 |       0 |   0.0 |      20 |       0 |   0.0
     Lair:1 |    2454 |       0 |   0.0 |      10 |       0 |   0.0
     Lair:2 |    4229 |    4181 |  49.7 |      16 |       9 |  36.0
            +---------+---------+-------+---------+---------+-------
